 Dungeon Crawl Stone Soup version bcrawl-1.19.1 (webtiles) character file.

Game seed: 4197631472418753378

1959 Niddhogr the Tainter (level 9, -4/65 HPs)
             Began as a Demonspawn Venom Mage on Dec 1, 2019.
             Was an Initiate of Gozag.
             Slain by an iguana (7 damage)
             ... on level 7 of the Dungeon on Dec 2, 2019.
             The game lasted 00:24:15 (7075 turns).

Niddhogr the Tainter (Demonspawn Venom Mage)        Turns: 7075, Time: 00:24:16

Health: -4/65      AC: 15    Str:  9    XL:     9   Next: 0%
Magic:  18/18      EV: 12    Int: 19    God:    Gozag
Gold:   998        SH:  0    Dex: 14    Spells: 13/20 levels left

rFire    . . .     SeeInvis .   E - +1 war axe (elec)
rCold    + . .     Gourm    .   (no shield)
rNeg     . . .     Faith    .   a - +0 robe
rPois    .         Spirit   .   m - +0 helmet
rElec    .         Reflect  .   (no cloak)
rCorr    .         Harm     .   w - +0 pair of gloves
MR       .....                  (no boots)
Stlth    ++........             (no amulet)
HPRegen  0.20/turn              b - +5 ring of protection
MPRegen  0.16/turn              I - ring of protection from cold

@: sanguine armour, studying Translocations
A: claws 2, demonic guardian 1, rot immunity, sanguine armour 1
a: Potion Petition, Call Merchant, Bribe Branch, Renounce Religion


You were on level 7 of the Dungeon.
You worshipped Gozag.
Gozag was pleased with you.
You were very hungry.

You visited 2 branches of the dungeon, and saw 8 of its levels.
You also visited: Ossuary.

You collected 1066 gold pieces.
You paid 68 gold pieces to Gozag.

Inventory:

Hand Weapons
 c - a +0 dagger of chaos
 l - a +1 scythe
 E - a +1 war axe of electrocution (weapon)
Missiles
 o - 73 poisoned needles
 v - 305 tomahawks (quivered)
 x - 85 javelins
 D - 60 curare-tipped needles
 Q - 1125 arrows
Armour
 a - a +0 robe (worn)
 m - a +0 helmet (worn)
 p - a +0 buckler
 w - a +0 pair of gloves (worn)
Magical Staves
 A - an uncursed staff of death {rN+}
Jewellery
 b - a +5 ring of protection (left hand)
 i - an uncursed ring of fire {rF+, rC-}
 F - an uncursed ring of protection from fire
 I - a ring of protection from cold (right hand)
 M - the ring of Fingebura {+Blink rC+ rN+ Str+2 Stlth-}
   (You found it on level 5 of the Dungeon)

   [ring of strength]

   It affects your strength (+2).
   It protects you from cold.
   It protects you from negative energy.
   It lets you blink.
   It makes you less stealthy.
 S - an uncursed ring of see invisible
Wands
 y - a wand of flame (32)
 J - a wand of polymorph (11)
 O - a wand of clouds (5)
Scrolls
 f - 4 scrolls of fog
 j - a scroll of enchant armour {unknown}
 n - 4 scrolls of magic mapping {!r}
 q - 2 scrolls of enchant weapon
 t - 6 scrolls of teleportation
 B - 4 scrolls of remove curse
 C - 4 scrolls of immolation {!r}
 H - a scroll of fear {unknown}
 P - a scroll of blinking {unknown}
Potions
 d - a potion of degeneration {!q}
 e - 9 potions of flight
 g - 6 potions of haste
 k - a potion of brilliance {unknown}
 r - 3 potions of lignification {unknown}
 s - a potion of might {unknown}
 u - a potion of mutation {!q}
 z - 2 potions of heal wounds
 G - a potion of invisibility {unknown}
 K - 2 potions of cancellation {unknown}
 L - 2 potions of curing
Books
 N - a manual of Translocations {!d}
Comestibles
 h - 9 rations {!d}


   Skills:
 - Level 4.0 Fighting
 + Level 2.5 Polearms
 - Level 1.7 Dodging
 - Level 2.0 Stealth
 + Level 2.2 Shields
 - Level 6.1 Spellcasting
 - Level 1.0 Conjurations
 - Level 8.3 Poison Magic


You had 13 spell levels left.
You knew the following spells:

 Your Spells              Type           Power        Failure   Level  Hunger
a - Sting                 Conj/Pois      ###.         1%          1    None
b - Poisonous Vapours     Pois/Air       ###...       3%          2    None
c - Olgreb's Toxic Radia  Pois           #####...     3%          4    ####...

Your spell library contained the following spells:

 Spells                   Type           Power        Failure   Level  Hunger
 Ignite Poison            Fire/Tmut/Pois ###.....     11%         3    ##.....
 Summon Scorpions         Summ/Pois      ###.....     21%         4    ####...
 Venom Bolt               Conj/Pois      ###.......   41%         5    #####..


Dungeon Overview and Level Annotations

Branches:
Dungeon (7/12)             Temple (1/1) D:4
   Lair: D:7-9

Altars:
Ashenzari
Cheibriados
Dithmenos
Elyvilon
Fedhas
Gozag
Hepliaklqana
Kikubaaqudgha
Makhleb
Nemelex Xobeh
Okawaru
Qazlal
Ru
Sif Muna
Trog
Vehumet
Wu Jian
Xom
Yredelemnul
Zin

Shops:
D:7 [


Innate Abilities, Weirdness & Mutations

You have very sharp fingernails.
A weak demonic guardian rushes to your aid.
You are immune to rotting.
When seriously injured, your bleeding wounds create armour. (AC +6)


Message History

You take 14 damage, and have 15/65 hp.
MASSIVE DAMAGE!!
The iguana bites you but does no damage.
The iguana bites you but does no damage.
The iguana bites you!
* * * LOW HITPOINT WARNING * * *
You take 12 damage, and have 3/65 hp.
The iguana bites you but does no damage.
The iguana misses you. The iguana closely misses you.
The iguana barely misses you. The iguana barely misses you.
The iguana bites you.
* * * LOW HITPOINT WARNING * * *
You take 2 damage, and have 2/65 hp.
The iguana bites you but does no damage.
The iguana misses you. The iguana bites you!
You die...
Your body crumbles into a pile of gold.

### ..# #.# #.# #.#
#####.#### ##+##
#.....@l.# ##...##
#.###.##.# ##.....##
#.###.# #
#.......###.##..#
.........##.#...##
.........'.......#
.........##.#...##
#.....∩.###........#
##.....## #.........


You could see an iguana.

Levels and vault maps discovered:
D:1:      onia_arrival_zoo_common, layout_basic, serial_park_tiny_pond
D:2:      layout_basic, marbit_many_paths, uniq_sigmund
D:3:      layout_loops_corners, grunt_temple_overflow_champion_of_chaos,
          first_ration, minmay_misc_feat_nine_boxes, okawaru_metal_pillars_1_2
D:4:      layout_loops_ring, fedhas_bush_and_centaur_altar,
          lemuel_crystal_altar, gammafunk_temple_overflow_wave,
          minmay_temple_entry_butterflies, grunt_decor_cap
D:5:      layout_loops_ring, nicolae_dithmenos_the_darkroom, uniq_blork_the_orc,
          uniq_pikel, uniq_ijyb
D:6:      layout_loops_cross, nicolae_ossuary_entry_false_entrances,
          minmay_misc_feat_five, minmay_manual_mail
D:7:      layout_loops_corners, kennysheep_mini_moat, serial_shops, shop,
          grunt_tough_drop, uniq_duvessa, uniq_joseph
Temple:   minmay_temple_bridge_abc

Notes
Turn   | Place    | Note
-------+----------+-------------------------------------------
     0 | D:1      | Niddhogr the Demonspawn Venom Mage began the quest for the
                  | Orb.
     0 | D:1      | Reached XP level 1. HP: 13/13 MP: 3/3
     7 | D:1      | Noticed a hound
     7 | D:1      | Noticed a six-headed hydra
     7 | D:1      | Noticed a worker ant
     7 | D:1      | Noticed an anaconda
     7 | D:1      | Noticed a black bear
    31 | D:1      | HP: 3/13 [ooze (3)]
    86 | D:1      | Identified a ring of protection (You found it on level 1 of
                  | the Dungeon)
    87 | D:1      | Identified a ring of see invisible (You found it on level 1
                  | of the Dungeon)
   320 | D:1      | Identified a +0 club
   394 | D:1      | Identified a +0 dagger (You found it on level 1 of the
                  | Dungeon)
   437 | D:1      | Identified a +0 hand axe (You found it on level 1 of the
                  | Dungeon)
   569 | D:1      | Identified a +0 short sword
   576 | D:1      | Gained mutation: You are immune to rotting. [demonic
                  | ancestry]
   576 | D:1      | Reached XP level 2. HP: 19/19 MP: 5/5
   642 | D:1      | Identified a +0 dagger
   652 | D:1      | Learned a level 2 spell: Poisonous Vapours
   676 | D:1      | Identified a cursed +0 mace (You found it on level 1 of the
                  | Dungeon)
   719 | D:1      | Identified a +0 club
   968 | D:2      | Identified a +0 dagger
  1009 | D:2      | Identified a +0 short sword
  1019 | D:2      | Reached skill level 4 in Poison Magic
  1265 | D:2      | Identified a ring of protection from fire (You found it on
                  | level 2 of the Dungeon)
  1276 | D:2      | Identified a +0 dagger
  1307 | D:2      | Identified a +0 scythe
  1307 | D:2      | Identified a +0 robe
  1307 | D:2      | Noticed Sigmund
  1322 | D:2      | Gained mutation: You have sharp fingernails. [demonic
                  | ancestry]
  1322 | D:2      | Reached XP level 3. HP: 24/24 MP: 0/6
  1728 | D:2      | Identified a +0 club
  2048 | D:2      | Found a radiant altar of Vehumet.
  2132 | D:2      | Identified 2 potions of haste
  2190 | D:2      | Killed Sigmund
  2190 | D:2      | Reached skill level 6 in Poison Magic
  2190 | D:2      | Gained mutation: You have very sharp fingernails. [demonic
                  | ancestry]
  2190 | D:2      | Reached XP level 4. HP: 16/30 MP: 2/7
  2190 | D:2      | Reached XP level 5. HP: 19/35 MP: 2/8
  2342 | D:3      | Learned a level 4 spell: Olgreb's Toxic Radiance
  2403 | D:3      | Identified a cursed -1 dagger
  2585 | D:3      | Identified a +0 club
  2589 | D:3      | Identified 2 scrolls of enchant weapon
  2590 | D:3      | Identified 5 scrolls of identify
  2590 | D:3      | Identified a scroll of remove curse
  2595 | D:3      | Identified 2 scrolls of teleportation
  2596 | D:3      | Identified 2 potions of flight
  2898 | D:3      | Identified a +0 helmet (You found it on level 3 of the
                  | Dungeon)
  3013 | D:3      | Identified a +0 whip
  3185 | D:3      | Found an iron altar of Okawaru.
  3452 | D:3      | Reached XP level 6. HP: 26/41 MP: 5/9
  3591 | D:3      | Found a shimmering altar of Xom.
  3591 | D:3      | Found a burning altar of Makhleb.
  3591 | D:3      | Identified a +0 dagger of chaos
  3846 | D:3      | Reached skill level 7 in Poison Magic
  4052 | D:4      | Identified a +0 pair of gloves (You found it on level 4 of
                  | the Dungeon)
  4062 | D:4      | Identified a +0 giant club
  4282 | D:4      | Found a bloodstained altar of Trog.
  4307 | D:4      | Identified a +0 falchion
  4358 | D:4      | Identified a +1 war axe of electrocution (You found it on
                  | level 4 of the Dungeon)
  4471 | D:4      | Identified 3 scrolls of immolation
  4472 | D:4      | Identified 3 scrolls of fog
  4504 | D:4      | Found a staircase to the Ecumenical Temple.
  4517 | Temple   | Entered the Ecumenical Temple
  4630 | D:4      | Identified a +1 shortbow of velocity
  4633 | D:4      | Found a blossoming altar of Fedhas.
  4634 | D:4      | Identified 2 potions of heal wounds
  4639 | D:4      | Reached skill level 8 in Poison Magic
  4639 | D:4      | Reached XP level 7. HP: 42/46 MP: 6/10
  5003 | D:4      | Found an opulent altar of Gozag.
  5003 | D:4      | Found a white marble altar of Elyvilon.
  5007 | D:4      | Became a worshipper of Gozag Ym Sagoz the Greedy
  5039 | D:5      | Entered Level 5 of the Dungeon
  5264 | D:5      | Identified a +0 giant spiked club
  5266 | D:5      | Identified a +0 animal skin
  5272 | D:5      | Reached skill level 3 in Spellcasting
  5273 | D:5      | Identified a +2 whip of flaming
  5273 | D:5      | Identified a +0 robe
  5273 | D:5      | Noticed Pikel
  5274 | D:5      | Identified a +0 mace
  5274 | D:5      | Identified a +0 robe
  5274 | D:5      | Noticed Blork the orc
  5275 | D:5      | Identified a +0 animal skin
  5275 | D:5      | Identified a +0 animal skin
  5276 | D:5      | Identified a +0 animal skin
  5281 | D:5      | Killed Pikel
  5281 | D:5      | Reached skill level 5 in Spellcasting
  5281 | D:5      | Gained mutation: A weak demonic guardian rushes to your
                  | aid. [demonic ancestry]
  5281 | D:5      | Reached XP level 8. HP: 41/52 MP: 2/16
  5282 | D:5      | Killed Blork the orc
  5282 | D:5      | Reached skill level 6 in Spellcasting
  5465 | D:5      | Got a coiled jade ring
  5467 | D:5      | Identified the ring of Fingebura {+Blink rC+ rN+ Str+2
                  | Stlth-} (You found it on level 5 of the Dungeon)
  5496 | D:5      | Identified a +1 dagger of chaos
  5496 | D:5      | Identified a +0 hunting sling
  5496 | D:5      | Identified a +0 leather armour
  5496 | D:5      | Noticed Ijyb
  5503 | D:5      | Killed Ijyb
  5503 | D:5      | Reached skill level 1 in Fighting
  5562 | D:5      | Found a shadowy altar of Dithmenos.
  5563 | D:5      | Identified a +0 shortbow
  5593 | D:5      | Reached skill level 2 in Fighting
  5860 | D:6      | Identified 2 scrolls of magic mapping
  5861 | D:6      | Identified a potion of mutation
  5928 | D:6      | Identified a ring of fire (You found it on level 6 of the
                  | Dungeon)
  5937 | D:6      | Found a sand-covered staircase.
  5975 | D:6      | Identified a +0 shortbow
  5982 | D:6      | Reached skill level 3 in Fighting
  6062 | Ossuary  | Entered an ossuary
  6095 | Ossuary  | Reached skill level 4 in Fighting
  6181 | Ossuary  | Reached skill level 1 in Polearms
  6452 | D:6      | Reached skill level 2 in Polearms
  6452 | D:6      | Reached skill level 1 in Shields
  6453 | D:6      | Reached skill level 2 in Shields
  6550 | D:6      | Identified a ring of protection from cold (You found it on
                  | level 6 of the Dungeon)
  6559 | D:6      | Identified a +0 club
  6559 | D:6      | Identified a +0 ring mail
  6575 | D:6      | Gained mutation: When seriously injured, your bleeding
                  | wounds create armour. (AC +6) [demonic ancestry]
  6575 | D:6      | Reached XP level 9. HP: 42/65 MP: 18/18
  7025 | D:7      | Found Tuohuot's Armour Shop.
  7063 | D:7      | HP: 15/65 [iguana (15)]
  7066 | D:7      | HP: 3/65 [iguana (12)]
  7072 | D:7      | HP: 2/65 [iguana (2)]
  7075 | D:7      | Slain by an iguana

Table legend:
 A = Turns spent in this place as a percentage of turns spent in the entire game.
 B = Non-inter-level travel turns spent in this place as a percentage of non-inter-level travel turns spent in the entire game.
 C = Inter-level travel turns spent in this place as a percentage of turns spent in this place.
 D = Turns resting spent in this place as a percentage of non-inter-level travel turns spent in this place.
 E = Turns spent auto-exploring this place as a percentage of non-inter-level travel turns spent in this place.
 F = Non-inter-level travel turns spent in this place divided by the number of levels of this place that you've seen.
                   A       B       C       D       E      F
               +-------+-------+-------+-------+-------+----------------------
         Total | 100.0 | 100.0 |   2.4 |   3.6 |  75.9 | 767.0
       Dungeon |  95.3 |  95.4 |   2.3 |   3.8 |  76.1 | 941.0
        Temple |   1.0 |   0.8 |  25.4 |   0.0 |  84.9 |  53.0
       Ossuary |   3.7 |   3.8 |   0.0 |   0.0 |  66.9 | 263.0
               +-------+-------+-------+-------+-------+----------------------

Table legend:
 A = Kills in this place as a percentage of kills in entire the game.
 B = Kills by you in this place as a percentage of kills by you in the entire game.
 C = Kills by friends in this place as a percentage of kills by friends in the entire game.
 D = Other kills in this place as a percentage of other kills in the entire game.
 E = Experience gained in this place as a percentage of experience gained in the entire game.
 F = Experience gained in this place divided by the number of levels of this place that you have seen.
                   A       B       C       D       E      F
               +-------+-------+-------+-------+-------+----------------------
         Total | 100.0 | 100.0 | 100.0 |   N/A | 100.0 | 311.0
       Dungeon |  85.5 |  85.2 | 100.0 |   N/A |  94.6 | 378.4
       Ossuary |  14.5 |  14.8 |   0.0 |   N/A |   5.4 | 150.0
               +-------+-------+-------+-------+-------+----------------------

Skill      XL: |  1  2  3  4  5  6  7  8 |
---------------+-------------------------+-----
Poison Magic   | 4 6 8 |  8.3
Spellcasting   | 5 6 |  6.1
Fighting       | 4 |  4.0
Polearms       | 2 |  2.5
Shields        | 2 |  2.2
Dodging        | |  1.7
Stealth        | |  2.0
Conjurations   | |  1.0

Action                   |  1- 3 |  4- 6 |  7- 9 || total
-------------------------+-------+-------+-------++-------
Melee: Dagger            |     9 |    68 |       ||    77
       Hand axe          |    25 |       |       ||    25
       Unarmed           |     2 |       |       ||     2
       Mace              |    74 |    14 |       ||    88
       Scythe            |       |    96 |       ||    96
       War axe           |       |    12 |   102 ||   114
 Cast: Sting             |    13 |       |     2 ||    15
       Poisonous Vapours |     5 |    26 |    13 ||    44
       Olgreb's Toxic Ra |       |       |     2 ||     2
Evoke: Wand              |       |       |     6 ||     6
  Use: Potion            |     1 |     3 |       ||     4
       Scroll            |       |     7 |     2 ||     9
 Stab: Sleeping          |     5 |       |     3 ||     8
       Distracted        |     1 |       |     1 ||     2
       Invisible         |       |     1 |       ||     1
       Petrifying        |       |     1 |       ||     1
  Eat: Chunk             |     4 |     7 |     1 ||    12
       Ration            |       |     1 |     2 ||     3
Armor: Robe              |    44 |   102 |    33 ||   179
Dodge: Dodged            |    81 |   114 |    81 ||   276

Vanquished Creatures
  Pikel (D:5)
  Sigmund (D:2)
  A wraith (D:6)
  An ice beast (D:6)
  2 slaves (D:5)
  2 ogres
  3 centaurs
  A bullfrog (D:6)
  Blork the orc (D:5)
  A howler monkey (D:5)
  2 crimson imps
  A hound (D:4)
  A jelly (D:5)
  3 iguanas
  Ijyb (D:5)
  3 worker ants
  A hound zombie (D:5)
  8 mummies (Ossuary)
  6 adders
  A shadow imp (D:5)
  2 oozes (D:2)
  An adder skeleton (D:5)
  7 worms
  5 leopard geckos
  5 orcs
  2 ball pythons
  3 giant cockroaches
  3 goblins
  6 hobgoblins
  9 jackals
  2 quokkas (D:4)
  3 bats
  2 frilled lizards (D:1)
  2 hobgoblin zombies (Ossuary)
  A jackal skeleton (D:2)
  8 kobolds
  2 kobold zombies (Ossuary)
  4 orc zombies (Ossuary)
  2 rats (D:1)
110 creatures vanquished.

Vanquished Creatures (collateral kills)
  An iguana (D:6)
  An orc (D:6)
2 creatures vanquished.

Vanquished Creatures (others)
  2 slaves (D:5)
  A jelly (D:5)
3 creatures vanquished.

Grand Total: 115 creatures vanquished
